 Dungeon Crawl Stone Soup version 0.29.0-13-gc9e81de378 (webtiles) character file.

Game seed: 14667424031818058204

1187 Ofeo the Covered (level 8, -3/71 HPs)
             Began as a Minotaur Fighter on Sept 8, 2022.
             Was a Believer of Okawaru.
             Shot with an arrow by a centaur (9 damage)
             ... on level 7 of the Dungeon.
             The game lasted 00:03:41 (5810 turns).

Ofeo the Covered (Minotaur Fighter)                 Turns: 5810, Time: 00:03:42

Health: -3/71      AC: 10    Str: 23    XL:     8   Next: 19%
Magic:  7/7        EV:  7    Int:  5    God:    Okawaru [**....]
Gold:   214        SH:  0    Dex: 10    Spells: 7/7 levels left

rFire   . . .      SeeInvis .   a - +1 war axe
rCold   + . .      Faith    .   c - +0 buckler
rNeg    . . .      Spirit   .   k - +0 chain mail {rC+}
rPois   .          Reflect  .   (helmet restricted)
rElec   .          Harm     .   (no cloak)
rCorr   .          Rampage  .   (no gloves)
Will    .....                   (no boots)
Stlth   ..........              (no amulet)
HPRegen 0.21/turn               (no ring)
MPRegen 0.10/turn               (no ring)

@: confused, on berserk cooldown, slowed, very slow
A: horns 2, retaliatory headbutt
a: Renounce Religion, Heroism


You were on level 7 of the Dungeon.
You worshipped Okawaru.
Okawaru was pleased with you.
You visited 2 branches of the dungeon, and saw 8 of its levels.

You collected 214 gold pieces.

Inventory:

Hand Weapons
 a - a +1 war axe (weapon)
Armour
 b - a +1 scale mail
 c - a +0 buckler (worn)
 k - a +0 chain mail of cold resistance (worn)
Scrolls
 e - a scroll of noise {unknown}
 g - 3 scrolls of fear
 h - a scroll of teleportation {unknown}
 n - a scroll of immolation
 p - a scroll of vulnerability {unknown}
Potions
 d - 2 potions of mutation
 f - a potion of flight
 i - a potion of cancellation {unknown}
 j - a potion of haste {unknown}
 m - a potion of magic {unknown}
 o - a potion of degeneration {unknown}
 q - 4 potions of curing {@q1}


   Skills:
 + Level 6.8 Fighting
 + Level 6.3 Axes
 + Level 6.9 Armour
 + Level 6.9 Shields


You had 7 spell levels left.
You didn't know any spells.
Your spell library contained the following spells:

 Spells                   Type           Power      Damage    Failure   Level
 Shock                    Conj/Air       0%         1d3       99%         1
 Ensorcelled Hibernation  Hex/Ice        0%         N/A       100%        2
 Ozocubu's Armour         Ice            0%         N/A       100%        3
 Spider Form              Tmut/Pois      0%         N/A       100%        3
 Swiftness                Air            0%         N/A       100%        3
 Airstrike                Air            0%         2d(0-16)  100%        4
 Anguish                  Hex/Necr       0%         N/A       100%        4
 Metabolic Englaciation   Hex/Ice        0%         N/A       100%        5
 Simulacrum               Ice/Necr       Unusable   N/A       N/A         6

Dungeon Overview and Level Annotations

Branches:
Dungeon (7/15)             Temple (1/1) D:4

Altars:
Ashenzari
Cheibriados
Dithmenos
Elyvilon
Fedhas
Gozag
Hepliaklqana
Kikubaaqudgha
Nemelex Xobeh
Okawaru
Qazlal
Ru
Sif Muna
Trog
Uskayaw
Wu Jian
Xom
Zin
The Shining One

Annotations:
D:4 1 runed translucent door, Crazy Yiuf


Innate Abilities, Weirdness & Mutations

You have a pair of horns on your head.
You reflexively headbutt those who attack you in melee.


Message History

You slash the orc!
You kill the orc!
Okawaru accepts your kill.
The orc wizard points at you and mumbles some strange words.
You are confused.
The centaur shoots an arrow.
The arrow hits you!
* * * LOW HITPOINT WARNING * * *
You take 8 damage, and have 21/106 hp.
You bump into the rock wall.
The orc wizard points at you and mumbles some strange words.
You resist with some effort.
You feel a strong urge to attack something.
The centaur unwields a +0 shortbow.
The centaur closely misses you.
The centaur kicks you but does no damage.
Things that are here:
a +0 morningstar; a +0 scale mail You barely miss the orc wizard.
You barely miss the centaur.
The centaur hits you but does no damage.
The centaur barely misses you.
The orc wizard hits you but does no damage.
You bump into the rock wall.
The centaur completely misses you. The centaur closely misses you.
The orc wizard gestures wildly while chanting.
The orc wizard flickers and vanishes!
Deactivating autopickup; reactivate with Ctrl-A.
You bump into the rock wall.
You feel a strong urge to attack something.
You are no longer berserk.
You are exhausted.
You feel yourself slow down. The centaur hits you.
* * * LOW HITPOINT WARNING * * *
The centaur kicks you but does no damage.
You now have 10/71 hp.
The centaur attacks as you move away! The centaur hits you.
* * * LOW HITPOINT WARNING * * *
The centaur kicks you.
* * * LOW HITPOINT WARNING * * *
Something hits you but does no damage.
The centaur wields a +0 shortbow.
The centaur shoots an arrow.
The arrow hits you!
You die...

###### ######....#.#.#.
......# #...........#.#.
.......## #...............
?.......####.......########
........+..................
........####.......########
........c###.......#
#......Y{)(........#
.......o##@........#
........##.........#####.#
...#######...<...........#
... ##....###.###### ..
#....##..# #...)..>##
#....##.# #....##.#
#....##.#


You could see an ice beast and a centaur.

Vanquished Creatures
  Grinder (D:5)
  Sigmund (D:2)
  A steam dragon (D:6)
  A water moccasin (D:7)
  An ice beast (D:6)
  Blork the orc (D:5)
  2 scorpions (D:6)
  An orc priest (D:4)
  Jessica (D:3)
  Natasha (D:3)
  2 orc wizards (D:6)
  4 gnolls
  5 adders
  2 shadow imps
  6 ufetubi
  A worm (D:4)
  2 dart slugs
  10 orcs
  7 endoplasms
  3 giant cockroaches
  4 goblins
  4 hobgoblins
  6 kobolds
  A quokka (D:3)
  6 ball pythons
  A frilled lizard (D:1)
  A rat (D:1)
76 creatures vanquished.

Notes
Turn   | Place    | Note
-------+----------+-------------------------------------------
     0 | D:1      | Ofeo the Minotaur Fighter began the quest for the Orb.
     0 | D:1      | Reached XP level 1. HP: 19/19 MP: 0/0
    99 | D:1      | Found a faded altar of an unknown god.
   279 | D:2      | Reached XP level 2. HP: 27/27 MP: 1/1
   385 | D:2      | Noticed Sigmund
   392 | D:2      | Killed Sigmund
   393 | D:2      | Reached XP level 3. HP: 24/35 MP: 2/2
   393 | D:2      | Reached XP level 4. HP: 28/41 MP: 3/3
   393 | D:2      | Reached XP level 5. HP: 32/47 MP: 4/4
   511 | D:3      | Noticed Jessica
   524 | D:3      | Killed Jessica
   525 | D:3      | Reached skill level 5 in Armour
   718 | D:3      | Reached skill level 5 in Fighting
   722 | D:3      | Noticed Natasha
   731 | D:3      | Killed Natasha
   732 | D:3      | Reached skill level 5 in Shields
   753 | D:4      | Found a staircase to the Ecumenical Temple.
   767 | Temple   | Entered the Ecumenical Temple
  1253 | Temple   | Became a worshipper of Warmaster Okawaru
  1422 | D:4      | Reached XP level 6. HP: 56/56 MP: 5/5
  2236 | D:4      | Found a runed translucent door.
  2237 | D:4      | Noticed Crazy Yiuf
  2296 | D:5      | Entered Level 5 of the Dungeon
  2346 | D:5      | Found a glowing golden altar of the Shining One.
  2348 | D:5      | Found a hide-covered altar of Uskayaw.
  2349 | D:5      | Found a stormy altar of Qazlal.
  2350 | D:5      | Found a white marble altar of Elyvilon.
  2597 | D:5      | Noticed Blork the orc
  2599 | D:5      | Noticed Grinder
  2617 | D:5      | Killed Blork the orc
  2624 | D:5      | Killed Grinder
  2624 | D:5      | Reached * piety under Okawaru
  2625 | D:5      | Reached skill level 5 in Axes
  2625 | D:5      | Reached XP level 7. HP: 21/62 MP: 6/6
  3573 | D:5      | Found a snail-covered altar of Cheibriados.
  4276 | D:6      | Noticed a steam dragon
  4286 | D:6      | Killed a steam dragon
  4286 | D:6      | Reached ** piety under Okawaru
  4952 | D:6      | Reached XP level 8. HP: 40/71 MP: 7/7
  5810 | D:7      | Shot with an arrow by a centaur

Illustrated notes

Levels and vault maps discovered:
D:1:      dpeg_arrival_lava_altar, layout_loops_ring,
          shapermc_ecumenical_altar_venn, minmay_surrounded
D:2:      minmay_angry_zag, layout_rooms, uniq_sigmund
D:3:      layout_loops_ring, minmay_shallow_snake_nest, uniq_jessica,
          uniq_pargi, uniq_natasha
D:4:      minmay_evil_eye, layout_basic, minmay_temple_entry_wispy,
          uniq_crazy_yiuf_cottage
D:5:      layout_basic, kennysheep_mini, minitemple,
          dreamdust_mushroom_princess, uniq_blork_the_orc, uniq_grinder
D:6:      layout_loops_corners, hangedman_abyss_or_decor_lesser_grid,
          solitary_fountain, minmay_misc_feat_columns
D:7:      cheibrodos_fertilizer, layout_basic, minmay_puff
Temple:   eino_narrow_crystal_temple

Skill      XL: |  1  2  3  4  5  6  7 |
---------------+----------------------+-----
Fighting       | 4 5 6 |  6.8
Armour         | 4 5 6 |  6.9
Shields        | 4 5 6 |  6.9
Axes           | 3 4 5 6 |  6.3

Action                   |  1- 3 |  4- 6 |  7- 9 || total
-------------------------+-------+-------+-------++-------
Melee: War axe           |    26 |   100 |    58 ||   184
       Headbutt          |     1 |    11 |    14 ||    26
  Use: Potion            |     1 |     3 |     2 ||     6
       Scroll            |       |       |    11 ||    11
Armor: Scale mail        |    11 |    39 |    19 ||    69
       Skin              |       |    25 |       ||    25
       Chain mail        |       |       |     7 ||     7
Dodge: Dodged            |     4 |    43 |    29 ||    76
Block: Buckler           |     7 |    16 |    12 ||    35
